[ AOE2 MATCH · #494452598 ]
UnrankedKhmer vs Franks
Player's team · LOSS
Rival team · WIN
[ REPLAY ANALYSIS · EXTRACTED FROM THE RECORDED GAME ]
Feudal
9:08
Castle
20:51
Imperial
36:36
| APM avg | 50.0 |
| APM peak | 85 |
| eAPM avg | 26.0 |
| Villagers / military | 125 / 56 |
Focus
⚔️ 41.8% · 🌾 58.2%
Spearman ×20 · Cavalry Archer ×16 · Scorpion ×9 · Archer ×7 · Scout Cavalry ×3 · Monk ×1
Feudal
8:31
Castle
18:31
Imperial
35:09
| APM avg | 44.9 |
| APM peak | 79 |
| eAPM avg | 24.0 |
| Villagers / military | 143 / 73 |
Focus
⚔️ 43.8% · 🌾 56.2%
Knight ×39 · Cavalry Archer ×24 · Spearman ×4 · Throwing Axeman ×3 · Monk ×2 · Trebuchet (Packed) ×1
Match map
Initial resources + every placement click. Lines = walls · curves = elevation contours. ◆ gold · ⬟ stone · ● berries · ✦ relic · ◌ wall gap
Your base· ✓ Closed at 20:51 · 33t walls · 1 gate(s)
DS_Nacho_10's base· Open — unwalled flank
Smoothed initial terrain · ◌ = detected wall gap · hover for details
Inputs per minute
— Courtesy - - DS_Nacho_10
Build order — Courtesy
First 150 of 372 actions detected
| 0:05 | Create | Villager (Male) |
| 0:05 | Create | Villager (Male) |
| 0:05 | Create | Villager (Male) |
| 0:06 | Create | Villager (Male) |
| 0:06 | Create | Villager (Male) |
| 0:16 | Build | House |
| 0:19 | Build | House |
| 1:31 | Create | Villager (Male) |
| 1:58 | Create | Villager (Male) |
| 2:39 | Create | Villager (Male) |
| 2:42 | Create | Villager (Male) |
| 3:19 | Create | Villager (Male) |
| 3:38 | Build | Lumber Camp |
| 3:53 | Create | Villager (Male) |
| 3:59 | Create | Villager (Male) |
| 4:10 | Build | House |
| 4:22 | Create | Villager (Male) |
| 4:30 | Build | Palisade Wall |
| 4:31 | Build | Palisade Wall |
| 4:32 | Build | Palisade Wall |
| 4:33 | Build | Palisade Wall |
| 4:45 | Create | Villager (Male) |
| 5:06 | Create | Villager (Male) |
| 5:10 | Build | Palisade Wall |
| 5:12 | Build | Palisade Wall |
| 5:57 | Create | Villager (Male) |
| 6:05 | Create | Villager (Male) |
| 6:25 | Build | Palisade Wall |
| 6:30 | Create | Villager (Male) |
| 6:32 | Build | Palisade Wall |
| 6:41 | Build | Mill |
| 6:58 | Research | Feudal Age |
| 6:58 | Research | Feudal Age |
| 7:04 | Build | Palisade Wall |
| 7:07 | Build | Palisade Wall |
| 7:08 | Build | Palisade Wall |
| 7:24 | Build | House |
| 7:30 | Build | Palisade Wall |
| 7:34 | Build | Palisade Wall |
| 7:34 | Build | Palisade Wall |
| 7:35 | Build | Palisade Wall |
| 7:55 | Create | Villager (Male) |
| 8:09 | Build | Palisade Wall |
| 8:11 | Build | Palisade Wall |
| 8:47 | Build | Palisade Wall |
| 8:53 | Build | House |
| 9:08 | Age | Feudal Age |
| 9:11 | Build | Stable |
| 9:15 | Build | Stable |
| 9:19 | Build | Palisade Gate |
| 9:22 | Research | Double-Bit Axe |
| 9:29 | Create | Villager (Male) |
| 9:39 | Build | House |
| 9:57 | Create | Villager (Male) |
| 10:08 | Create | Scout Cavalry |
| 10:08 | Create | Scout Cavalry |
| 10:16 | Research | Horse Collar |
| 10:23 | Research | Loom |
| 10:26 | Create | Villager (Male) |
| 10:29 | Create | Villager (Male) |
| 10:41 | Build | Farm |
| 10:52 | Build | Farm |
| 10:53 | Build | Farm |
| 11:05 | Build | Lumber Camp |
| 11:09 | Create | Villager (Male) |
| 11:18 | Build | Farm |
| 11:18 | Create | Villager (Male) |
| 11:32 | Build | Farm |
| 11:48 | Create | Villager (Male) |
| 11:54 | Build | Mining Camp |
| 12:12 | Create | Villager (Male) |
| 12:13 | Build | Archery Range |
| 12:28 | Build | House |
| 12:36 | Build | Farm |
| 12:42 | Build | House |
| 12:45 | Create | Scout Cavalry |
| 12:55 | Create | Archer |
| 12:58 | Create | Villager (Male) |
| 13:00 | Build | Farm |
| 13:12 | Build | Farm |
| 13:23 | Create | Villager (Male) |
| 13:25 | Create | Archer |
| 13:29 | Build | Farm |
| 13:30 | Create | Villager (Male) |
| 13:33 | Create | Archer |
| 13:41 | Create | Villager (Male) |
| 13:53 | Build | Farm |
| 14:03 | Create | Villager (Male) |
| 14:17 | Research | Loom |
| 14:29 | Build | House |
| 14:39 | Create | Archer |
| 14:44 | Create | Villager (Male) |
| 14:50 | Build | Blacksmith |
| 14:55 | Build | Mining Camp |
| 14:57 | Create | Villager (Male) |
| 15:08 | Build | Watch Tower |
| 15:14 | Build | Farm |
| 15:17 | Build | Farm |
| 15:46 | Create | Villager (Male) |
| 15:49 | Create | Archer |
| 16:00 | Create | Archer |
| 16:08 | Build | Farm |
| 16:10 | Build | Farm |
| 16:13 | Build | House |
| 16:34 | Create | Villager (Male) |
| 16:37 | Create | Villager (Male) |
| 16:37 | Create | Villager (Male) |
| 17:10 | Create | Villager (Male) |
| 17:21 | Build | Watch Tower |
| 17:31 | Build | Farm |
| 17:32 | Build | Farm |
| 18:11 | Research | Castle Age |
| 18:17 | Build | Palisade Wall |
| 18:18 | Build | Palisade Wall |
| 18:19 | Build | Palisade Wall |
| 18:19 | Build | Palisade Wall |
| 18:25 | Research | Fletching |
| 18:44 | Build | House |
| 18:55 | Build | Archery Range |
| 19:10 | Build | Palisade Wall |
| 19:36 | Build | Watch Tower |
| 19:50 | Research | Gold Mining |
| 19:53 | Create | Villager (Male) |
| 20:21 | Research | Stone Mining |
| 20:51 | Age | Castle Age |
| 20:55 | Research | Bodkin Arrow |
| 20:55 | Research | Bodkin Arrow |
| 20:56 | Research | Bow Saw |
| 21:01 | Create | Villager (Male) |
| 21:17 | Create | Cavalry Archer |
| 21:17 | Create | Cavalry Archer |
| 21:20 | Create | Villager (Male) |
| 21:34 | Create | Villager (Male) |
| 21:37 | Build | Town Center |
| 21:52 | Build | Outpost |
| 21:54 | Build | Outpost |
| 21:59 | Create | Cavalry Archer |
| 21:59 | Create | Cavalry Archer |
| 22:03 | Create | Villager (Male) |
| 22:08 | Create | Villager (Male) |
| 22:15 | Build | Watch Tower |
| 22:32 | Create | Cavalry Archer |
| 22:44 | Create | Villager (Male) |
| 22:45 | Create | Villager (Male) |
| 22:47 | Create | Villager (Male) |
| 22:51 | Build | Siege Workshop |
| 23:08 | Create | Villager (Male) |
| 23:12 | Create | Villager (Male) |
| 23:23 | Create | Cavalry Archer |
| 23:23 | Create | Cavalry Archer |
Build order — DS_Nacho_10
First 150 of 380 actions detected
| 0:01 | Create | Villager (Male) |
| 0:01 | Create | Villager (Male) |
| 0:02 | Build | House |
| 0:02 | Build | House |
| 0:04 | Create | Villager (Male) |
| 0:05 | Create | Villager (Male) |
| 1:24 | Create | Villager (Male) |
| 1:58 | Build | Lumber Camp |
| 1:58 | Create | Villager (Male) |
| 2:19 | Create | Villager (Male) |
| 2:54 | Create | Villager (Male) |
| 3:20 | Create | Villager (Male) |
| 3:23 | Create | Villager (Male) |
| 3:41 | Create | Villager (Male) |
| 3:54 | Build | House |
| 3:55 | Build | House |
| 4:05 | Create | Villager (Male) |
| 4:16 | Create | Villager (Male) |
| 4:38 | Create | Villager (Male) |
| 4:57 | Build | Mill |
| 4:58 | Create | Villager (Male) |
| 4:59 | Create | Villager (Male) |
| 5:30 | Create | Villager (Male) |
| 5:44 | Research | Loom |
| 6:21 | Research | Feudal Age |
| 6:49 | Create | Villager (Male) |
| 7:23 | Build | Barracks |
| 8:21 | Build | House |
| 8:31 | Age | Feudal Age |
| 8:31 | Build | Farm |
| 8:33 | Research | Double-Bit Axe |
| 8:38 | Build | House |
| 8:40 | Create | Spearman |
| 8:47 | Create | Villager (Male) |
| 8:51 | Build | Farm |
| 9:09 | Create | Villager (Male) |
| 9:12 | Build | Farm |
| 9:14 | Build | House |
| 9:23 | Create | Villager (Male) |
| 9:28 | Build | Palisade Wall |
| 9:30 | Create | Villager (Male) |
| 10:03 | Build | Farm |
| 10:06 | Create | Villager (Male) |
| 10:16 | Create | Villager (Male) |
| 10:45 | Build | Blacksmith |
| 10:59 | Create | Spearman |
| 11:01 | Create | Villager (Male) |
| 11:06 | Create | Spearman |
| 11:10 | Create | Spearman |
| 11:15 | Build | House |
| 11:19 | Create | Villager (Male) |
| 11:28 | Build | Farm |
| 11:29 | Create | Villager (Male) |
| 11:33 | Build | Palisade Wall |
| 11:40 | Build | Palisade Wall |
| 11:47 | Create | Villager (Male) |
| 11:50 | Build | Farm |
| 11:50 | Create | Villager (Male) |
| 11:56 | Build | Farm |
| 12:09 | Create | Villager (Male) |
| 12:14 | Build | Mining Camp |
| 12:21 | Create | Villager (Male) |
| 12:25 | Build | Farm |
| 12:25 | Create | Villager (Male) |
| 12:43 | Build | Farm |
| 12:51 | Build | Palisade Wall |
| 12:51 | Build | Palisade Wall |
| 13:16 | Create | Villager (Male) |
| 13:23 | Build | Palisade Wall |
| 13:25 | Build | Palisade Wall |
| 13:26 | Create | Villager (Male) |
| 13:28 | Build | Farm |
| 13:42 | Build | Palisade Wall |
| 13:44 | Build | Palisade Wall |
| 13:53 | Build | Farm |
| 13:59 | Build | Farm |
| 14:31 | Build | House |
| 14:58 | Build | Market |
| 15:12 | Create | Villager (Male) |
| 15:51 | Research | Castle Age |
| 15:51 | Research | Castle Age |
| 16:05 | Build | Watch Tower |
| 16:09 | Create | Villager (Male) |
| 16:12 | Research | Scale Barding Armor |
| 16:36 | Research | Gold Mining |
| 16:37 | Research | Gold Mining |
| 16:59 | Build | Mining Camp |
| 17:12 | Build | Archery Range |
| 17:29 | Build | Lumber Camp |
| 17:34 | Create | Villager (Male) |
| 17:40 | Research | Fletching |
| 17:40 | Research | Fletching |
| 18:15 | Build | Archery Range |
| 18:31 | Age | Castle Age |
| 18:36 | Research | Bodkin Arrow |
| 18:37 | Create | Villager (Male) |
| 19:05 | Create | Cavalry Archer |
| 19:05 | Create | Cavalry Archer |
| 19:10 | Create | Villager (Male) |
| 19:28 | Create | Villager (Male) |
| 19:32 | Create | Cavalry Archer |
| 19:34 | Research | Bow Saw |
| 19:37 | Research | Wheelbarrow |
| 19:37 | Research | Wheelbarrow |
| 19:57 | Create | Cavalry Archer |
| 20:02 | Build | House |
| 20:12 | Create | Villager (Male) |
| 20:37 | Create | Villager (Male) |
| 20:55 | Create | Cavalry Archer |
| 20:55 | Create | Cavalry Archer |
| 21:08 | Build | House |
| 21:14 | Build | Stable |
| 21:17 | Research | Padded Archer Armor |
| 21:18 | Create | Villager (Male) |
| 21:19 | Create | Cavalry Archer |
| 21:19 | Create | Cavalry Archer |
| 21:23 | Research | Town Watch |
| 21:27 | Create | Villager (Male) |
| 21:46 | Build | Monastery |
| 21:57 | Create | Villager (Male) |
| 22:04 | Build | Lumber Camp |
| 22:04 | Create | Villager (Male) |
| 22:16 | Create | Villager (Male) |
| 22:28 | Build | House |
| 22:31 | Create | Monk |
| 22:32 | Create | Cavalry Archer |
| 22:37 | Build | Farm |
| 22:38 | Create | Monk |
| 22:42 | Research | Husbandry |
| 22:42 | Research | Husbandry |
| 22:45 | Build | Farm |
| 23:11 | Create | Villager (Male) |
| 23:19 | Create | Villager (Male) |
| 23:28 | Build | Palisade Gate |
| 23:31 | Build | Palisade Wall |
| 23:33 | Create | Villager (Male) |
| 23:43 | Create | Villager (Male) |
| 23:45 | Build | University |
| 23:55 | Research | Stone Mining |
| 23:57 | Create | Cavalry Archer |
| 23:58 | Create | Cavalry Archer |
| 24:01 | Build | House |
| 24:07 | Create | Cavalry Archer |
| 24:23 | Research | Ballistics |
| 24:23 | Research | Ballistics |
| 24:31 | Build | Farm |
| 24:41 | Build | House |
| 25:02 | Create | Villager (Male) |
| 25:20 | Create | Villager (Male) |
| 25:21 | Create | Cavalry Archer |
Match timeline
| 4:30 | Courtesy · wall_segment Palisade Wall x1 |
| 4:31 | Courtesy · wall_segment Palisade Wall x1 |
| 4:32 | Courtesy · wall_segment Palisade Wall x1 |
| 4:33 | Courtesy · wall_segment Palisade Wall x1 |
| 5:10 | Courtesy · wall_segment Palisade Wall x2 |
| 5:12 | Courtesy · wall_segment Palisade Wall x2 |
| 6:25 | Courtesy · wall_segment Palisade Wall x3 |
| 6:32 | Courtesy · wall_segment Palisade Wall x3 |
| 7:04 | Courtesy · wall_segment Palisade Wall x1 |
| 7:07 | Courtesy · wall_segment Palisade Wall x1 |
| 7:08 | Courtesy · wall_segment Palisade Wall x1 |
| 7:23 | DS_Nacho_10 · first_building Barracks |
| 7:30 | Courtesy · wall_segment Palisade Wall x5 |
| 7:34 | Courtesy · wall_segment Palisade Wall x1 |
| 7:34 | Courtesy · wall_segment Palisade Wall x1 |
| 7:35 | Courtesy · wall_segment Palisade Wall x1 |
| 8:09 | Courtesy · wall_segment Palisade Wall x1 |
| 8:11 | Courtesy · wall_segment Palisade Wall x1 |
| 8:31 | DS_Nacho_10 · age_up feudal |
| 8:47 | Courtesy · wall_segment Palisade Wall x1 |
| 9:08 | Courtesy · age_up feudal |
| 9:11 | Courtesy · first_building Stable |
| 9:28 | DS_Nacho_10 · wall_segment Palisade Wall x4 |
| 11:33 | DS_Nacho_10 · wall_segment Palisade Wall x9 |
| 11:40 | DS_Nacho_10 · wall_segment Palisade Wall x1 |
| 12:13 | Courtesy · first_building Archery Range |
| 12:51 | DS_Nacho_10 · wall_segment Palisade Wall x3 |
| 12:51 | DS_Nacho_10 · wall_segment Palisade Wall x1 |
| 13:23 | DS_Nacho_10 · wall_segment Palisade Wall x6 |
| 13:25 | DS_Nacho_10 · wall_segment Palisade Wall x2 |
| 13:42 | DS_Nacho_10 · wall_segment Palisade Wall x5 |
| 13:44 | DS_Nacho_10 · wall_segment Palisade Wall x6 |
| 15:51 | DS_Nacho_10 · first_market_sell 100 food |
| 17:12 | DS_Nacho_10 · first_building Archery Range |
| 18:17 | Courtesy · wall_segment Palisade Wall x1 |
| 18:18 | Courtesy · wall_segment Palisade Wall x1 |
| 18:19 | Courtesy · wall_segment Palisade Wall x1 |
| 18:19 | Courtesy · wall_segment Palisade Wall x1 |
| 18:31 | DS_Nacho_10 · age_up castle |
| 19:10 | Courtesy · wall_segment Palisade Wall x1 |
| 20:51 | Courtesy · age_up castle |
| 21:14 | DS_Nacho_10 · first_building Stable |
| 21:46 | DS_Nacho_10 · first_building Monastery |
| 22:51 | Courtesy · first_building Siege Workshop |
| 23:31 | DS_Nacho_10 · wall_segment Palisade Wall x1 |
| 26:22 | DS_Nacho_10 · first_market_buy 100 stone |
| 29:39 | Courtesy · first_market_sell 100 food |
| 32:52 | Courtesy · first_building Castle |
| 34:07 | Courtesy · first_building Monastery |
| 34:11 | Courtesy · first_building Barracks |
| 35:09 | DS_Nacho_10 · age_up imperial |
| 35:55 | DS_Nacho_10 · first_building Castle |
| 36:36 | Courtesy · age_up imperial |
| 37:45 | Courtesy · wall_segment Stone Wall x11 |
| 37:50 | Courtesy · wall_segment Stone Wall x1 |
| 37:58 | Courtesy · wall_segment Stone Wall x1 |
| 38:17 | Courtesy · wall_segment Stone Wall x1 |
| 38:30 | Courtesy · wall_segment Stone Wall x1 |
| 38:38 | Courtesy · wall_segment Stone Wall x1 |
| 39:33 | Courtesy · resign |
[ AI ANALYSIS · 1 CREDIT ]
What really happened in this match?
Wolo.gg analyzes every decision: build order, eco, micro, common mistakes by bracket. Personalized analysis on WhatsApp or Discord in 30 seconds.
Civ guide
Khmer
Perfil
deaKer